 Dungeon Crawl Stone Soup version 0.18.1-50-g88ac8fd (webtiles) character file.

17 Ryougu the Chopper (level 2, 0/28 HPs)
             Began as a Naga Berserker on Oct 5, 2016.
             Was a Follower of Trog.
             Slain by a bat (1 damage)
             ... on level 2 of the Dungeon.
             The game lasted 00:11:39 (1340 turns).

Ryougu the Chopper (Naga Berserker)                 Turns: 1340, Time: 00:11:39

Health: 0/28       AC:  2    Str: 19    XL:     2   Next: 62%
Magic:  2/2        EV:  9    Int:  7    God:    Trog [*.....]
Gold:   62         SH:  0    Dex: 10    Spells: 0 memorised, 1 level left

rFire  . . .     SeeInvis +     s - +0 spear
rCold  . . .     Gourm    .     l - +0 leather armour
rNeg   . . .     Faith    .     (no shield)
rPois  +         Spirit   .     (no helmet)
rElec  .         Dismiss  .     (no cloak)
rCorr  .         Reflect  .     (no gloves)
SustAt .         Harm     .     (no barding)
MR     .....                    (no amulet)
Stlth  +.........               (no ring)
                                (no ring)

@: lethally poisoned (0 -> -1), very slow, not resistant to hostile
enchantments, very unstealthy
A: see invisible, deformed body, poison resistance, slowness 2, slow metabolism
1, spit poison 2, AC +0
a: Spit Poison, Berserk, Burn Spellbooks, Renounce Religion


You were on level 2 of the Dungeon.
You worshipped Trog.
Trog was aware of your devotion.
You were near starving.

You visited 1 branch of the dungeon, and saw 2 of its levels.

You collected 62 gold pieces.

Inventory:

Hand Weapons
 a - a +0 hand axe
 n - a +0 dagger
 o - a +0 flail
 q - a +0 whip
 r - a +0 club
 s - a +0 spear (weapon)
Missiles
 d - 45 stones (quivered)
 g - 13 arrows
 k - 2 throwing nets
Armour
 b - a +0 animal skin
 l - a +0 leather armour (worn)
Scrolls
 e - 2 scrolls of remove curse {unknown}
 f - 2 scrolls of identify {unknown}
 i - a scroll of recharging {unknown}
 t - a scroll of amnesia {unknown}
Potions
 h - a potion of agility {unknown}
 j - 2 potions of curing {unknown}
 m - a potion of cure mutation {unknown}
 p - a potion of flight {unknown}
Comestibles
 c - a bread ration


   Skills:
 + Level 3.2 Fighting
 + Level 3.3 Axes
 + Level 1.9 Armour
 + Level 1.6 Dodging


You had one spell level left.
You didn't know any spells.

Dungeon Overview and Level Annotations

Branches:
Dungeon (2/15)

Altars:


Innate Abilities, Weirdness & Mutations

You cannot wear boots.
Your serpentine skin is tough (AC +0).
You have supernaturally acute eyesight.
Armour fits poorly on your strangely shaped body.
Your system is resistant to poisons.
You cover ground very slowly.
You have a slow metabolism.
You can spit poison.


Message History

You kill the bat!
Trog accepts your kill. The bat hits you. The adder closely misses you.
You closely miss the adder. The bat closely misses you. The adder bites you.
The bat barely misses you.
You miss the adder.
You feel sick. The bat hits you but does no damage.
The adder bites you but does no damage. The adder bites you.
You closely miss the adder. The bat hits you but does no damage.
The adder bites you.
* * * LOW HITPOINT WARNING * * *
You hit the adder but do no damage. The bat barely misses you.
The adder bites you but does no damage.
You miss the adder. The bat hits you but does no damage. The adder bites you.
* * * LOW HITPOINT WARNING * * *
The adder bites you.
* * * LOW HITPOINT WARNING * * *
You closely miss the adder.
* * * LOW HITPOINT WARNING * * *
You feel sick. The bat hits you.
You die...

# #. ..
######
###.#....
#.......##
#......@.#
......bS.#
.......$.#
..[.......
..#.#.##.#.
. #.#.
#.... . ..
### #. .
... .# .. #


You could see an adder and a bat.

Vanquished Creatures
  4 bats
  2 giant cockroaches (D:1)
  2 hobgoblins (D:1)
  4 kobolds (D:1)
  2 giant newts (D:1)
  2 goblins (D:1)
  A rat (D:2)
  6 plants (D:1)
23 creatures vanquished.

Notes
Turn   | Place    | Note
--------------------------------------------------------------
     0 | D:1      | Ryougu the Naga Berserker began the quest for the Orb.
     0 | D:1      | Reached XP level 1. HP: 21/21 MP: 1/1
   230 | D:1      | You fall through a shaft!
   263 | D:2      | Reached XP level 2. HP: 27/28 MP: 2/2
  1340 | D:2      | HP: 1/28 [poisoned by an adder]
  1340 | D:2      | Slain by a bat

Action                   || total
-------------------------++-------
Melee: Hand axe          ||    18
       Dagger            ||     8
       Spear             ||   378
       Flail             ||    30
       Whip              ||    10
Armor: Leather armour    ||    27
       Animal skin       ||     2
Dodge: Dodged            ||    39
